 Dungeon Crawl Stone Soup version 0.31-a0-271-gb88eb75e06 (webtiles) character file.

Game seed: 9172931527359205531

70934 vineage the Warrior (level 15, -1/104 HPs)
             Began as a Gargoyle Fighter on July 14, 2023.
             Was a High Priest of Okawaru.
             Slain by a spriggan rider
             ... wielding a +2 trident of distortion
              (18 damage)
             ... on level 5 of the Lair of Beasts.
             The game lasted 00:23:18 (17990 turns).

vineage the Warrior (Gargoyle Fighter)             Turns: 17990, Time: 00:23:18

Health: -1/104     AC: 54    Str: 41    XL:     15   Next: 34%
Magic:  0/18       EV: 12    Int: 18    God:    Okawaru [*****.]
Gold:   1839       SH:  8    Dex: 15    Spells: 14/14 levels left

rFire   . . .        a - +1 flail (venom)
rCold   + . .        c - +0 buckler
rNeg    + . .        j - +8 orange crystal plate armour {Archmagi, Int+3 Clar}
rPois   ∞            F - +2 helmet
rElec   +            S - +1 cloak of the Ditch-Digger {Str+4 Int+2 Dex+3}
rCorr   .            d - +1 pair of gloves {Str+3}
SInv    .            y - +2 pair of boots
Will    +....        v - amulet of guardian spirit Stlth
                     Y - +6 ring of strength
HPRegen 0.37/turn    H - ring "Yjoel" {Contam EV+5 Str+6}
MPRegen 0.16/turn

%: clarity, guardian spirit, archmagi
@: flying
A: sickness immunity, AC +11, big wings, negative energy resistance 1,
electricity resistance, torment resistance 1, petrification resistance, clever
1, cold resistance 1, high MP 1
a: Renounce Religion, Heroism, Finesse, Duel


You were on level 5 of the Lair of Beasts.
You worshipped Okawaru.
Okawaru was extremely pleased with you.
You visited 3 branches of the dungeon, and saw 17 of its levels.
You also visited: Gauntlet.

You collected 1839 gold pieces.

Inventory:

Hand Weapons
 a - a +1 flail of venom (weapon)
Armour
 c - a +0 buckler (worn)
 d - a +1 pair of gloves of strength (worn)
 j - the +8 orange crystal plate armour (worn) {Archmagi, Int+3 Clar}
   (You found it on level 2 of the Dungeon)

   Int:       It affects your intelligence (+3).
   Clar:      It protects you from confusion, rage, mesmerisation and fear.
 y - a +2 pair of boots (worn)
 F - a +2 helmet (worn)
 S - the +1 cloak of the Ditch-Digger (worn) {Str+4 Int+2 Dex+3}
   (You found it on level 5 of the Lair of Beasts)

   Str:       It affects your strength (+4).
   Int:       It affects your intelligence (+2).
   Dex:       It affects your dexterity (+3).
Jewellery
 f - a ring of fire
 i - a ring of willpower
 n - a ring of resist corrosion
 s - a ring of willpower
 v - an amulet of guardian spirit (around neck)
 B - a +5 ring of evasion
 H - the ring "Yjoel" (right hand) {Contam EV+5 Str+6}
   (You found it on level 3 of the Lair of Beasts)

   [ring of evasion]

   EV:        It affects your evasion (+5).
   Str:       It affects your strength (+6).
   Contam:    It causes magical contamination when unequipped.
 K - a ring of protection from fire
 U - a +4 ring of protection
 V - a ring of positive energy
 X - the ring of Untruth {rC+ Dex+2}
   (You took it off a minotaur in a Gauntlet)

   [ring of protection from cold]

   Dex:       It affects your dexterity (+2).
   rC:        It protects you from cold.
 Y - a +6 ring of strength (left hand)
Wands
 k - a wand of polymorph (19)
 r - a wand of flame (24)
 w - a wand of roots (9)
 D - a wand of charming (8)
 E - a wand of quicksilver (6)
 Q - a wand of digging (7)
Scrolls
 b - 2 scrolls of blinking
 h - 3 scrolls of fog
 o - 3 scrolls of revelation
 p - 2 scrolls of enchant weapon
 q - a scroll of acquirement {unknown}
 t - 3 scrolls of poison
 C - 4 scrolls of teleportation
 I - a scroll of amnesia
 J - a scroll of brand weapon
 R - a scroll of enchant armour
Potions
 e - 2 potions of haste
 g - 9 potions of curing
 l - 4 potions of mutation
 m - 2 potions of attraction
 u - 2 potions of magic
 x - a potion of ambrosia {unknown}
 z - 2 potions of lignification
 A - 2 potions of resistance
 L - a potion of cancellation {unknown}
 M - a potion of invisibility {unknown}
 N - a potion of berserk rage {unknown}
 P - a potion of brilliance {unknown}


   Skills:
 + Level 15.9 Fighting
 + Level 14.5 Maces & Flails
 + Level 14.0 Armour
 + Level 14.0 Shields
 - Level 2.5 Invocations


You had 14 spell levels left.
You didn't know any spells.
Your spell library contained the following spells:

 Spells                   Type           Power      Damage    Failure   Level
 Kiss of Death            Conj/Necr      0%         2d5       89%         1
 Sandblast                Erth           0%         2d4       89%         1
 Passwall                 Tmut/Erth      0%         N/A       96%         2
 Poisonous Vapours        Pois/Air       0%         N/A       96%         2
 Confusing Touch          Hex            0%         N/A       99%         3
 Mephitic Cloud           Conj/Pois/Air  0%         N/A       99%         3
 Portal Projectile        Hex/Tloc       0%         N/A       99%         3
 Stone Arrow              Conj/Erth      0%         3d7       99%         3
 Dispel Undead            Necr           0%         3d6       100%        4
 Iskenderun's Mystic Bla  Conj/Tloc      0%         2d3       100%        4
 Fireball                 Conj/Fire      0%         3d3       100%        5
 Freezing Cloud           Conj/Ice/Air   0%         6-21      100%        5
 Iskenderun's Battlesphe  Conj           0%         2d6       100%        5
 Conjure Ball Lightning   Conj/Air       0%         3x3d6     100%        6
 Orb of Destruction       Conj           0%         9d5       100%        7
 Tukima's Dance           Hex            Unusable   N/A       N/A         3

Dungeon Overview and Level Annotations

Branches:
Dungeon (11/15)            Temple (1/1) D:5            Lair (5/5) D:11
 Shoals (0/4) Lair:3       Spider (0/4) Lair:3        Slime (0/5) Lair:5
    Orc (0/2) D:9         Gauntlet (visited)

Altars:
Ashenzari
Cheibriados
Dithmenos
Elyvilon
Fedhas
Gozag
Hepliaklqana
Kikubaaqudgha
Makhleb
Nemelex Xobeh
Okawaru
Qazlal
Ru
Sif Muna
Trog
Uskayaw
Vehumet
Wu Jian
Xom
Yredelemnul
Zin
The Shining One

Shops:
D:11 ?

Portals:
Abyss: Lair:5

Annotations:
Lair:5 1 transporter, 1 runed translucent door


Innate Abilities, Weirdness & Mutations

You are immune to sickness and miasma.
Your stone body is resilient. (AC +11)
You are immune to poison.
Your large and strong wings let you fly.
You resist negative energy. (rN+)
You are resistant to electric shocks. (rElec)
You are resistant to unholy torment.
You are immune to petrification.
Your mind is acute. (Int +4, Str/Dex -1)
Your flesh is cold resistant. (rC+)
You have an increased reservoir of magic. (+10% MP)


Message History

You completely miss flestrin's ghost.
Flestrin's ghost is almost destroyed.
You hit flestrin's ghost.
Flestrin's ghost is almost destroyed.
You block flestrin's ghost's attack.
You bludgeon flestrin's ghost!!
You destroy flestrin's ghost!
Okawaru accepts your kill.
The spriggan rider shoots an arrow.
The arrow hits you!
The spriggan rider unwields a +0 orcbow.
The spriggan rider wields a +2 trident of distortion.
Its appearance distorts for a moment.
You block the spriggan rider's attack.
You sock the spriggan rider!
The spriggan rider is poisoned.
The spriggan rider is moderately wounded.
You miss the spriggan rider.
The spriggan rider is moderately wounded.
The spriggan rider hits you with a +2 trident of distortion.
Space warps horribly around you!
You barely miss the spriggan rider.
The spriggan rider is moderately wounded.
The spriggan rider hits you but does no damage.
Space warps around you.
You hit the spriggan rider.
The spriggan rider is moderately wounded.
You closely miss the spriggan rider.
The spriggan rider is moderately wounded.
The spriggan rider hits you with a +2 trident of distortion!
* * * LOW HITPOINT WARNING * * *
Space warps around you.
* * * LOW HITPOINT WARNING * * *
You miss the spriggan rider.
The spriggan rider is heavily wounded.
You feel like a meek peon again.
The spriggan rider hits you with a +2 trident of distortion!
* * * LOW HITPOINT WARNING * * *
Space warps horribly around you!
* * * LOW HITPOINT WARNING * * *
You feel better.
The spriggan rider hits you with a +2 trident of distortion!!
You die...

#.# ##......###.##.####.##....#.#
..###.......#.###...##.#.#.....##
............#....#.#^...©#.....##
............##..###......##..[.##
......P......#..##∩.###.#.##.....
.P.###.......##....##.#...##.....
#### ##P......##...#©.##W##......
# ##.......#i..##..###....P..
####.......#@#?##............
#####.#......###.^..##..........#
..#.#........#.......#####.......
............##.#.###..##.##......
......##<..©#.^.##.#.#(..=#......
...(P###....##.##(.##..####[..[..
..#####......###....####.........
...# #................[.[.......
...# #.......[.................♣


You could see a spriggan rider (very poisoned).

Vanquished Creatures
  The ghost of flestrin the Nimble, a journeyman DsSh of Uskayaw (Lair:5)
  A minotaur (Gauntlet)
  2 blizzard demons (Gauntlet)
  The ghost of Ifreeg the Arsonist, a journeyman OpFE of Gozag (Lair:3)
  5 hydras
  3 boulder beetles
  A two-headed ogre (D:11)
  7 death yaks
  The ghost of Mirhaev the Thaumaturge, a journeyman DEEE of Vehumet (Lair:1)
  An alligator (Lair:5)
  2 hell hogs (Lair:5)
  A thrashing horror (Lair:5)
  Nergalle (Lair:3)
  A soul eater (Lair:5)
  2 skysharks (Lair:3)
  A fire crab (Gauntlet)
  The ghost of Tenar the Frost Mage, a novice BaIE (D:8)
  2 lindwurms (Lair:5)
  A necromancer (Lair:4)
  An orc knight (D:11)
  An oklob plant (Lair:3)
  2 manticores (D:11)
  3 cyclopes (D:11)
  13 elephants
  5 black mambas
  3 gargoyles
  6 torpor snails (Lair:5)
  8 cane toads
  6 rime drakes
  10 komodo dragons
  An unseen horror (D:11)
  A yaktaur (D:11)
  An ice devil (Gauntlet)
  3 tyrant leeches (Lair:5)
  15 polar bears
  4 trolls
  8 hornets (Lair:5)
  14 blink frogs
  3 dream sheep (Lair:5)
  A raiju (Lair:5)
  Sigmund (D:2)
  2 vampires (D:11)
  6 spriggans
  2 humans (D:10)
  4 fire bats (Gauntlet)
  6 wyverns
  A shadow (D:6)
  7 wraiths
  4 basilisks
  42 yaks
  A steam dragon (D:8)
  A chaos spawn (Lair:5)
  5 wargs
  A vampire mosquito (D:11)
  2 acid dragons
  11 water moccasins
  16 hell hounds (Lair:5)
  10 orc warriors
  An ice beast (D:6)
  4 sky beasts
  2 elephant zombies (Lair:4)
  2 ogres
  13 black bears
  22 wolves
  5 centaurs
  3 phantoms
  2 komodo dragon zombies (Lair:4)
  4 kobold brigands
  13 bullfrogs
  2 scorpions
  8 wights
  6 killer bees (D:10)
  2 electric eels
  3 howler monkeys
  3 jellies
  Crazy Yiuf (D:3)
  An orc priest (D:8)
  3 hounds
  Ijyb (D:4)
  13 orc wizards
  4 iguanas
  Robin (D:2)
  7 adders
  6 white imps
  4 worms
  37 orcs
  4 ball pythons
  3 endoplasms
  3 giant cockroaches
  18 goblins
  7 hobgoblins
  2 quokkas (D:1)
  6 bats
  A frilled lizard (D:1)
  24 kobolds
  3 rats
510 creatures vanquished.

Notes
Turn   | Place    | Note
-------+----------+-------------------------------------------
     0 | D:1      | vineage the Gargoyle Fighter began the quest for the Orb.
     0 | D:1      | Reached XP level 1. HP: 14/14 MP: 1/1
   208 | D:1      | Reached XP level 2. HP: 19/19 MP: 2/2
   695 | D:2      | Reached skill level 4 in Fighting
   695 | D:2      | Reached XP level 3. HP: 23/24 MP: 3/3
   779 | D:2      | Noticed Sigmund
   800 | D:2      | Killed Sigmund
   801 | D:2      | Reached skill level 5 in Fighting
   801 | D:2      | Reached XP level 4. HP: 16/31 MP: 4/4
   801 | D:2      | Reached XP level 5. HP: 18/35 MP: 5/5
  1078 | D:2      | Found the +8 orange crystal plate armour {Archmagi, Int+3
                  | Clar}
  1139 | D:2      | Identified the +2 robe of Fedhas's Hope {SInv}
  1170 | D:2      | Noticed Robin
  1188 | D:2      | Killed Robin
  1364 | D:2      | Reached XP level 6. HP: 40/40 MP: 6/6
  1933 | D:3      | Found a runed translucent door.
  1934 | D:3      | Noticed Crazy Yiuf
  2067 | D:3      | Found a faded altar of an unknown god.
  2182 | D:3      | Reached skill level 6 in Fighting
  2357 | D:3      | Paralysed by Crazy Yiuf for 4 turns
  2361 | D:3      | Killed Crazy Yiuf
  2362 | D:3      | Reached skill level 5 in Maces & Flails
  2497 | D:4      | Found an ornate altar of the Wu Jian Council.
  2594 | D:4      | Reached XP level 7. HP: 45/47 MP: 7/7
  2617 | D:4      | Found an opulent altar of Gozag.
  2723 | D:4      | Noticed Ijyb
  2735 | D:4      | Killed Ijyb
  2825 | D:4      | Found a white marble altar of Elyvilon.
  3125 | D:5      | Entered Level 5 of the Dungeon
  3187 | D:5      | Found a staircase to the Ecumenical Temple.
  3237 | Temple   | Entered the Ecumenical Temple
  3347 | D:5      | Reached skill level 7 in Fighting
  3643 | D:6      | Gained mutation: You are partially covered in large bone
                  | plates. (SH +4) [potion of mutation]
  3643 | D:6      | Gained mutation: You are dopey. (Int -2) [potion of
                  | mutation]
  3643 | D:6      | Gained mutation: Armour fits poorly on your strangely
                  | shaped body. [potion of mutation]
  3643 | D:6      | Gained mutation: Your flesh is cold resistant. (rC+)
                  | [potion of mutation]
  3644 | D:6      | Lost mutation: Armour fits poorly on your strangely shaped
                  | body. [potion of mutation]
  3644 | D:6      | Lost mutation: You are partially covered in large bone
                  | plates. (SH +4) [potion of mutation]
  3644 | D:6      | Lost mutation: You are dopey. (Int -2) [potion of mutation]
  3644 | D:6      | Gained mutation: Your mind is acute. (Int +4, Str/Dex -1)
                  | [potion of mutation]
  3644 | D:6      | Gained mutation: You have an increased reservoir of magic.
                  | (+10% MP) [potion of mutation]
  3653 | D:6      | Found a sparkling altar of Nemelex Xobeh.
  3663 | D:6      | Reached XP level 8. HP: 52/53 MP: 8/8
  3822 | D:6      | Noticed a shadow
  3838 | D:6      | Killed a shadow
  3839 | D:6      | Reached skill level 8 in Fighting
  4349 | D:6      | Reached skill level 9 in Fighting
  4349 | D:6      | Reached XP level 9. HP: 55/60 MP: 9/9
  4779 | D:7      | Found a broken altar of Ashenzari.
  4783 | D:7      | Found a glowing silver altar of Zin.
  5353 | D:8      | Found a runed translucent gate.
  5354 | D:8      | Found a runed translucent gate.
  5354 | D:8      | Found an opulent altar of Gozag.
  5355 | D:8      | Found a runed translucent gate.
  5356 | D:8      | Noticed a gargoyle
  5356 | D:8      | Noticed Tenar's ghost (novice BaIE)
  5357 | D:8      | Noticed an eight-headed hydra
  5373 | D:8      | Reached skill level 5 in Armour
  5373 | D:8      | Reached skill level 5 in Shields
  5444 | D:8      | Identified the +7 long sword "Ulal Ycrik" {flame, rPois
                  | Will++}
  5463 | D:8      | Found a shadowy altar of Dithmenos.
  6326 | D:8      | Killed an eight-headed hydra
  6327 | D:8      | Reached skill level 10 in Fighting
  6327 | D:8      | Reached XP level 10. HP: 28/68 MP: 4/11
  6351 | D:8      | Killed Tenar's ghost
  6367 | D:8      | Killed a gargoyle
  6789 | D:9      | Reached skill level 11 in Fighting
  6847 | D:9      | Found a staircase to the Orcish Mines.
  7154 | D:9      | Reached XP level 11. HP: 67/74 MP: 10/12
  7171 | D:9      | Reached skill level 10 in Maces & Flails
  7254 | D:9      | Found an ancient bone altar of Kikubaaqudgha.
  7482 | D:10     | Entered Level 10 of the Dungeon
  7665 | D:10     | Noticed a boulder beetle
  7680 | D:10     | Killed a boulder beetle
  7811 | D:10     | Found an iron altar of Okawaru.
  7839 | D:10     | Became a worshipper of Warmaster Okawaru
  8092 | D:11     | Noticed a manticore
  8104 | D:11     | Killed a manticore
  8105 | D:11     | Reached skill level 1 in Invocations
  8399 | D:11     | Found a staircase to the Lair.
  8462 | D:11     | Reached * piety under Okawaru
  8633 | D:11     | Found Inunet's Magic Scroll Shop.
  8733 | D:11     | Noticed an orc knight
  8756 | D:11     | Killed an orc knight
  8802 | D:11     | Noticed a manticore
  8816 | D:11     | Killed a manticore
  8942 | D:11     | Noticed a boulder beetle
  8967 | D:11     | Killed a boulder beetle
  8967 | D:11     | Reached ** piety under Okawaru
  8968 | D:11     | Reached skill level 12 in Fighting
  9072 | D:11     | Noticed a cyclops
  9074 | D:11     | Noticed a cyclops
  9152 | D:11     | Killed a cyclops
  9166 | D:11     | Killed a cyclops
  9233 | D:11     | Reached XP level 12. HP: 45/81 MP: 10/15
  9484 | D:11     | Reached *** piety under Okawaru
  9595 | D:11     | Noticed a two-headed ogre
  9595 | D:11     | Noticed a boulder beetle
  9610 | D:11     | Killed a boulder beetle
  9615 | D:11     | Killed a two-headed ogre
  9779 | Lair:1   | Entered Level 1 of the Lair of Beasts
  9856 | Lair:1   | Reached skill level 10 in Shields
  9895 | Lair:1   | Reached skill level 10 in Armour
  9921 | Lair:1   | Reached **** piety under Okawaru
  9979 | Lair:1   | Found a runed translucent gate.
  9979 | Lair:1   | Found a runed translucent gate.
  9979 | Lair:1   | Found a runed translucent gate.
  9980 | Lair:1   | Noticed a nine-headed hydra
  9981 | Lair:1   | Noticed Mirhaev's ghost (journeyman DEEE)
  9981 | Lair:1   | Noticed a ten-headed hydra
 10270 | Lair:1   | Reached skill level 13 in Fighting
 10800 | Lair:1   | Killed a ten-headed hydra
 10810 | Lair:1   | Killed a nine-headed hydra
 10816 | Lair:1   | Killed Mirhaev's ghost
 10978 | Lair:2   | Reached XP level 13. HP: 45/88 MP: 7/16
 11256 | Lair:2   | Reached ***** piety under Okawaru
 11751 | Lair:2   | Found a dark tunnel.
 12440 | Lair:3   | Found a transporter.
 12440 | Lair:3   | Noticed Ifreeg's ghost (journeyman OpFE)
 12569 | Lair:3   | Reached skill level 14 in Fighting
 12587 | Lair:3   | Noticed Nergalle
 12630 | Lair:3   | Killed Nergalle
 12801 | Lair:3   | Found a staircase to the Shoals.
 12962 | Lair:3   | Found a hole to the Spider Nest.
 13087 | Lair:3   | Found a transporter.
 13220 | Lair:3   | Received a gift from Okawaru
 13229 | Lair:3   | Killed Ifreeg's ghost
 13571 | Lair:3   | Gained mutation: Your large and strong wings let you fly.
                  | [Gargoyle growth]
 13571 | Lair:3   | Reached XP level 14. HP: 52/96 MP: 15/17
 13698 | Lair:3   | Identified the ring "Yjoel" {Contam EV+5 Str+6}
 15094 | Lair:5   | Entered Level 5 of the Lair of Beasts
 15325 | Lair:5   | Identified the +1 cloak of the Ditch-Digger {Str+4 Int+2
                  | Dex+3}
 15359 | Lair:5   | Found a staircase to the Slime Pits.
 15371 | Lair:5   | Reached skill level 15 in Fighting
 15430 | Lair:5   | Found a gate leading to a gauntlet.
 15444 | Lair:5   | Reached ****** piety under Okawaru
 15467 | Gauntlet | Entered a Gauntlet
 15467 | Gauntlet | Found a runed translucent door.
 15467 | Gauntlet | Found a transporter.
 15467 | Gauntlet | Found a runed translucent door.
 15467 | Gauntlet | Found a transporter.
 15543 | Gauntlet | Found a transporter.
 15564 | Gauntlet | Found a transporter.
 15564 | Gauntlet | Found a transporter.
 15566 | Gauntlet | Found a transporter.
 15569 | Gauntlet | Found a transporter.
 15569 | Gauntlet | Found a transporter.
 15591 | Gauntlet | Found a transporter.
 15605 | Gauntlet | Found a transporter.
 15615 | Gauntlet | Found a transporter.
 15630 | Gauntlet | Found a transporter.
 15655 | Gauntlet | Found a transporter.
 15674 | Gauntlet | Found a transporter.
 15959 | Gauntlet | Received a gift from Okawaru
 16016 | Gauntlet | Identified the +2 hand axe "Cosimoz" {freeze, Str-2 Dex+5}
 16016 | Gauntlet | Identified the ring of Untruth {rC+ Dex+2}
 16227 | Lair:5   | Found a transporter.
 16247 | Lair:5   | Found a transporter.
 16247 | Lair:5   | Noticed flestrin's ghost (journeyman DsSh)
 16567 | Lair:5   | Found a runed translucent door.
 17009 | Lair:5   | Reached XP level 15. HP: 103/103 MP: 18/18
 17266 | Lair:5   | Identified the +1 dagger "Poom" {flame, rF+ Int+5}
 17407 | Lair:5   | Identified the +4 plate armour of Satisfaction {Harm}
                  | (Okawaru gifted it to you on level 5 of the Lair of Beasts)
 17407 | Lair:5   | Received a gift from Okawaru
 17862 | Lair:5   | Found a one-way gate to the infinite horrors of the Abyss.
 17982 | Lair:5   | Killed flestrin's ghost
 17990 | Lair:5   | Slain by a spriggan rider

Illustrated notes

Levels and vault maps discovered:
D:1:      nicolae_arrival_washed_ashore, layout_rooms
D:2:      layout_basic, uniq_sigmund, uniq_robin
D:3:      layout_rooms, shapermc_ecumenical_altar_ellora,
          uniq_crazy_yiuf_cottage
D:4:      kennysheep_the_goblin_king, layout_basic,
          nicolae_overflow_crystal_walls, kennysheep_little_box,
          lemuel_doored_altar
D:5:      layout_gridville, minmay_temple_entry_hall
D:6:      layout_loops_ring, mainiacjoe_overflow_concentric_impassable
D:7:      layout_basic, mainiacjoe_overflow_catwalk_spiral,
          minmay_quadrilaterals
D:8:      layout_basic, grunt_dithmenos_shadows, ebering_ghost_gozag
D:9:      layout_rooms, mainiacjoe_overflow_surrounded_room, david_orc_3,
          serial_bayou, serial_bayou_pond_a, serial_bayou_pond_c,
          serial_bayou_shore_b, serial_bayou_ford_a
D:10:     layout_roguey, okawaru_humans
D:11:     kennysheep_windowed_halls, layout_loops_ring, dpeg_oklobed_lair,
          special_room [special_room_orc], serial_shops,
          nicolae_shop_temple_entry_statues_fountains
Temple:   nicolae_temple_god_jail
Lair:1:   layout_chaotic_city, gammafunk_ghost_hydra_chop, grunt_megastairs_2
Lair:2:   layout_roguey, nicolae_volcano_entry_s_turn, columned_hall_lemuel,
          serial_bayou_shore_b, serial_bayou_shore_b
Lair:3:   layout_gridlike, shoals_dummy_entry,
          nicolae_spider_entry_orb_guardian, nzn_ghost_randoct, uniq_nergalle
Lair:4:   pond_and_an_island_with_a_cottage, layout_regular_city
Lair:5:   hangedman_lair_caniforms_friends, layout_layer_cave, wormcave,
          slime_entry_1, gammafunk_ghost_abyssal_escape, gauntlet_entry_generic,
          nicolae_quartered_pool_medium, wad_woods_01

Skill      XL: |  1  2  3  4  5  6  7  8  9 10 11 12 13 14 15 |
---------------+----------------------------------------------+-----
Fighting       | 4 5 6 7 9 10 11 12 13 14 15 | 15.9
Maces & Flails | 4 5 6 7 9 10 12 13 14 | 14.5
Armour         | 4 6 7 9 10 12 13 14 | 14.0
Shields        | 4 6 7 9 10 12 13 14 | 14.0
Invocations    | 2 |  2.5

Action                     |  1- 3 |  4- 6 |  7- 9 | 10-12 | 13-15 || total
---------------------------+-------+-------+-------+-------+-------++-------
  Melee: Flail             |    78 |   191 |   270 |   867 |  1461 ||  2867
         Long sword        |       |       |    50 |       |       ||    50
 Invoke: Heroism           |       |       |       |     5 |    15 ||    20
    Use: Scroll            |     2 |     2 |    12 |     4 |     3 ||    23
         Potion            |       |       |     5 |     2 |     6 ||    13
 Armour: Chain mail        |    51 |     2 |       |       |       ||    53
         Crystal plate arm |       |   292 |   305 |   722 |  1049 ||  2368
         Skin              |       |       |       |       |    73 ||    73
  Dodge: Dodged            |    31 |    19 |    92 |   316 |   840 ||  1298
  Block: Buckler           |    15 |    50 |    82 |   237 |   564 ||   948

Table legend: (Time is in decaauts)
 A = Elapsed time spent in this place.
 B = Non-inter-level travel time spent in this place.
 C = Inter-level travel time spent in this place.
 D = Time resting spent in this place.
 E = Time spent auto-exploring this place.
 F = Levels seen in this place.
 G = Mean time per level.
                   A        B        C        D        E       F      G
               +--------+--------+--------+--------+--------+-----+--------+
         Total |  17675 |  17044 |    631 |    941 |  11519 |  18 |  981.9 |
       Dungeon |   9790 |   9410 |    380 |    421 |   6719 |  11 |  890.0 |
        Temple |     53 |     39 |     14 |      0 |     28 |   1 |   53.0 |
          Lair |   7176 |   6940 |    236 |    462 |   4468 |   5 | 1435.2 |
      Gauntlet |    655 |    655 |      0 |     58 |    304 |   1 |  655.0 |
               +--------+--------+--------+--------+--------+-----+--------+

Top non-repeatable levels by time:
  Lair:5: 2061 daAuts
  Lair:3: 1783 daAuts
    D:11: 1647 daAuts
  Lair:1: 1432 daAuts
     D:8: 1282 daAuts
     D:2: 1190 daAuts
     D:6: 1107 daAuts
  Lair:2: 1012 daAuts
     D:9: 941 daAuts
  Lair:4: 886 daAuts
     D:3: 779 daAuts
     D:4: 693 daAuts
Gauntlet: 655 daAuts
     D:7: 618 daAuts
    D:10: 597 daAuts
